 Dungeon Crawl Stone Soup version 0.20-a0-492-g6327889 (webtiles) character file.

9118 Klosterheim the Destroyer (level 11, -5/94 HPs)
             Began as a Naga Wizard on Jan 15, 2017.
             Was an Elder of Cheibriados.
             Slain by a gargoyle
             ... wielding a +0 flail
              (22 damage)
             ... on level 11 of the Dungeon.
             The game lasted 00:56:40 (13210 turns).

Klosterheim the Destroyer (Naga Wizard)            Turns: 13210, Time: 00:56:41

Health: -5/94      AC:  9    Str: 22    XL:     11   Next: 41%
Magic:  6/38       EV: 13    Int: 28    God:    Cheibriados [****..]
Gold:   768        SH:  0    Dex: 21    Spells: 16/26 levels left

rFire    + . .     SeeInvis +   o - staff of power
rCold    . . .     Gourm    .   k - +0 robe {rF+}
rNeg     . . .     Faith    .   (no shield)
rPois    +         Spirit   .   b - +1 hat
rElec    .         Reflect  .   I - +2 cloak {MR+}
rCorr    .         Harm     .   j - +0 pair of gloves
MR       ++...                  (no barding)
Stlth    ++++......             g - amulet of regeneration
Regen    0.6/turn               (no ring)
                                (no ring)

@: lethally poisoned (-5 -> -5), very slow
A: see invisible, deformed body, poison resistance, slowness 2, slow metabolism
1, spit poison 1, AC +3
a: Spit Poison, Bend Time, Temporal Distortion, Slouch, Renounce Religion


You were on level 11 of the Dungeon.
You worshipped Cheibriados.
Cheibriados was greatly pleased with you.
You were hungry.

You visited 2 branches of the dungeon, and saw 12 of its levels.

You collected 768 gold pieces.

Inventory:

Armour
 b - a +1 hat (worn)
 j - a +0 pair of gloves (worn)
 k - a +0 robe of fire resistance (worn)
 x - a +0 buckler
 I - a +2 cloak of magic resistance (worn)
Magical Staves
 o - an uncursed staff of power (weapon)
Jewellery
 g - an amulet of regeneration (around neck)
Wands
 q - a wand of polymorph (8/24)
 y - a wand of polymorph (11/24)
 G - a wand of polymorph (12/24)
 H - a wand of confusion (20/48)
 J - a wand of disintegration (14/24)
 M - a wand of iceblast (10/15)
Scrolls
 a - 2 scrolls of amnesia
 f - 3 scrolls of enchant armour
 h - 2 scrolls of identify
 l - 2 scrolls of recharging
 t - 4 scrolls of remove curse
 u - 3 scrolls of teleportation
 A - a scroll of blinking
 C - 2 scrolls of magic mapping
Potions
 i - a potion of resistance
 n - 4 potions of agility {unknown}
 r - 2 potions of lignification
 s - a potion of cancellation {unknown}
 w - a potion of flight {unknown}
 z - 6 potions of curing
 B - a potion of brilliance {unknown}
 D - a potion of magic
 E - a potion of berserk rage {unknown}
Books
 c - a book of Minor Magic

   Spells                             Type                      Level
   a - Magic Dart                     Conjuration                  1
   b - Blink                          Translocation                2
   c - Call Imp                       Summoning                    2
   d - Repel Missiles                 Charms/Air                   2
   e - Slow                           Hexes                        2
   f - Conjure Flame                  Conjuration/Fire             3
   g - Mephitic Cloud                 Conjuration/Poison/Air       3
 K - a book of Fire

   Spells                             Type                      Level
   a - Ignite Poison                  Fire/Transmutation/Poison    3
   b - Fireball                       Conjuration/Fire             5
   c - Bolt of Fire                   Conjuration/Fire             6
   d - Delayed Fireball               Conjuration/Fire             7
   e - Ring of Flames                 Charms/Fire                  7
Comestibles
 d - 12 bread rations
 m - 2 royal jellies
 p - 7 meat rations
 v - 4 beef jerkies
 F - 2 fruits


   Skills:
 - Level 5.0 Fighting
 - Level 4.8 Dodging
 - Level 8.0 Stealth
 + Level 8.2 Spellcasting
 * Level 11.2 Conjurations
 - Level 4.0 Summonings
 - Level 1.0 Translocations
 - Level 2.0 Air Magic
 - Level 4.0 Poison Magic


You had 16 spell levels left.
You knew the following spells:

 Your Spells              Type           Power        Failure   Level  Hunger
a - Magic Dart            Conj           ####         1%          1    None
b - Call Imp              Summ           ####....     1%          2    None
c - Mephitic Cloud        Conj/Pois/Air  #####...     1%          3    None
d - Blink                 Tloc           N/A          6%          2    None
e - Repel Missiles        Chrm/Air       ###...       6%          2    None


Dungeon Overview and Level Annotations

Branches:
Dungeon (11/15)            Temple (1/1) D:7            Lair (0/6) D:9
    Orc: D:9-12

Altars:
Ashenzari
Cheibriados
Dithmenos
Kikubaaqudgha
Makhleb
Nemelex Xobeh
Okawaru
Qazlal
Sif Muna
Vehumet
Xom
Yredelemnul
The Shining One

Shops:
D:5 !   D:7 :

Annotations:
D:9 exclusion: ice statue


Innate Abilities, Weirdness & Mutations

You cannot wear boots.
Your serpentine skin is tough. (AC +3)
You have supernaturally acute eyesight. (SInv)
Armour fits poorly on your strangely shaped body.
Your system is resistant to poisons. (rPois)
You cover ground very slowly.
You have a slow metabolism.
You can spit poison.


Message History

Casting: Magic Dart
Confirm with . or Enter, or press ? or * to list all spells.
Aiming: Magic Dart
Press: ? - help, Shift-Dir - straight line, f/p - gargoyle
Aim: a gargoyle, wielding a flail (severely damaged)
The magic dart hits the gargoyle.
The gargoyle is severely damaged.
You feel sick. The gargoyle hits you with a flail!
* * * LOW HITPOINT WARNING * * *
Your iron imp closely misses the gargoyle.
Your iron imp hits the gargoyle.
Casting: Magic Dart
Confirm with . or Enter, or press ? or * to list all spells.
Aiming: Magic Dart
Press: ? - help, Shift-Dir - straight line, f/p - gargoyle
Aim: a gargoyle, wielding a flail (almost destroyed)
The magic dart hits the gargoyle.
The gargoyle is almost destroyed.
The gargoyle hits you with a flail!!
You die...

#......#........#..+
#.##...#........#..#
#......#........#..#
#......###'##...'..#
#...........#..##..###+#
#.>.....##..#..##..##...
#.......##..#...........
#....5..##..#.........<.
#.####9@5...#########.##
#.####5#'###.....####'##
#......#...#.###.#......
#......#...#.....#......
#......#...#.....#######
#...#..#...#.....#######
#...#..#...#.....#......
#...#..#...#.....#......
#......#####.###.######'


You could see a gargoyle, 2 friendly iron imps and a friendly crimson imp.

Vanquished Creatures
  3 two-headed ogres
  A deep elf mage (D:9)
  A cyclops (D:10)
  Maurice (D:8)
  A troll (D:10)
  A hippogriff (D:7)
  A spriggan (D:7)
  Grum (D:8)
  A porcupine (D:8)
  3 orc warriors
  4 sky beasts
  6 ogres
  A phantom (D:10)
  3 ice beasts
  2 necrophages
  A wolf (D:8)
  A crocodile (D:8)
  4 centaurs
  2 big kobolds (D:8)
  2 bullfrogs
  3 scorpions
  8 killer bees
  2 howler monkeys (D:10)
  5 crimson imps
  4 hounds
  A jelly (D:7)
  2 bullfrog skeletons
  6 orc priests
  2 iguanas
  Ijyb (D:2)
  Natasha (twice) (D:2)
  7 orc wizards
  6 worker ants
  A howler monkey zombie (D:7)
  10 adders
  10 gnolls
  2 shadow imps
  3 oozes
  2 adder skeletons
  4 dart slugs
  4 leopard geckos
  22 orcs
  5 giant cockroaches
  15 goblins
  7 hobgoblins
  5 jackals
  22 kobolds
  5 quokkas
  3 ball pythons
  4 bats
  10 frilled lizards
  A jackal zombie (D:8)
  A quokka skeleton (D:4)
  6 rats
231 creatures vanquished.

Vanquished Creatures (collateral kills)
  An ugly thing (D:11)
  Grinder (D:4)
  A hippogriff (D:8)
  A wraith (D:10)
  A steam dragon (D:9)
  A hungry ghost (D:8)
  A porcupine (D:8)
  An orc warrior (D:6)
  A black bear (D:6)
  2 ice beasts
  4 ogres
  A wolf (D:8)
  A crocodile (D:7)
  2 centaurs
  2 bullfrogs
  A scorpion (D:5)
  9 killer bees
  A howler monkey (D:10)
  2 crimson imps
  A quasit (D:9)
  2 orc priests
  A jelly (D:6)
  2 iguanas
  Jessica (D:2)
  2 orc wizards (D:5)
  2 worker ants
  Robin (D:4)
  3 gnolls
  A worm (D:2)
  5 orcs
  A bat (D:2)
  A giant cockroach (D:5)
  2 goblins
  A jackal (D:6)
  A quokka zombie (D:9)
  A rat (D:2)
62 creatures vanquished.

Vanquished Creatures (others)
  An orc wizard (D:7)
  A fungus (D:8)
  3 plants (D:8)
5 creatures vanquished.

Grand Total: 298 creatures vanquished

Notes
Turn   | Place    | Note
-------+----------+-------------------------------------------
     0 | D:1      | Klosterheim the Naga Wizard began the quest for the Orb.
     0 | D:1      | Reached XP level 1. HP: 15/15 MP: 4/4
   425 | D:1      | Reached XP level 2. HP: 14/22 MP: 0/6
   655 | D:1      | Learned a level 2 spell: Call Imp
   697 | D:1      | Reached skill level 2 in Conjurations
   744 | D:1      | Reached XP level 3. HP: 28/28 MP: 1/7
  1523 | D:2      | Noticed Ijyb
  1532 | D:2      | Killed Ijyb
  1532 | D:2      | Reached XP level 4. HP: 29/36 MP: 9/9
  1741 | D:2      | Noticed Jessica
  1746 | D:2      | Killed Jessica
  2028 | D:2      | Learned a level 3 spell: Mephitic Cloud
  2281 | D:2      | Noticed Natasha
  2290 | D:2      | Killed Natasha
  2290 | D:2      | Reached skill level 3 in Conjurations
  2290 | D:2      | Reached XP level 5. HP: 15/42 MP: 10/10
  2485 | D:2      | Noticed Natasha
  2501 | D:2      | Killed Natasha
  2570 | D:3      | Reached skill level 1 in Air Magic
  2706 | D:3      | Noticed an ogre
  2725 | D:3      | Killed an ogre
  2827 | D:3      | Reached XP level 6. HP: 49/49 MP: 12/12
  3453 | D:4      | Noticed Robin
  3457 | D:4      | Killed Robin
  3457 | D:4      | Reached skill level 1 in Poison Magic
  3663 | D:4      | Noticed Grinder
  3706 | D:4      | Killed Grinder
  3706 | D:4      | Reached skill level 4 in Conjurations
  3706 | D:4      | Reached XP level 7. HP: 37/55 MP: 6/14
  4458 | D:5      | Entered Level 5 of the Dungeon
  4467 | D:5      | Reached skill level 5 in Spellcasting
  4526 | D:5      | Reached skill level 5 in Conjurations
  4612 | D:5      | Reached XP level 8. HP: 62/62 MP: 15/15
  4922 | D:5      | Found Xaraisk's Distillery.
  5358 | D:5      | Reached skill level 6 in Conjurations
  5480 | D:5      | Found a glowing golden altar of the Shining One.
  5720 | D:6      | Reached skill level 7 in Conjurations
  6019 | D:6      | Reached XP level 9. HP: 68/68 MP: 18/18
  6762 | D:7      | Found a staircase to the Ecumenical Temple.
  6783 | D:7      | Reached skill level 8 in Conjurations
  6801 | Temple   | Entered the Ecumenical Temple
  6830 | Temple   | Became a worshipper of Cheibriados the Contemplative
  7029 | D:7      | Learned a level 2 spell: Blink
  7332 | D:7      | Noticed a two-headed ogre
  7367 | D:7      | Killed a two-headed ogre
  7367 | D:7      | Reached skill level 9 in Conjurations
  7649 | D:7      | Found Naulin's Book Shoppe.
  7656 | D:7      | Reached * piety under Cheibriados
  7763 | D:7      | Found an iron altar of Okawaru.
  8293 | D:7      | Reached skill level 10 in Conjurations
  8304 | D:7      | Reached XP level 10. HP: 75/75 MP: 21/21
  8658 | D:8      | Found a shattered altar of Ashenzari.
  8662 | D:8      | Saw a vision of the Swamp and the Spider Nest.
  8662 | D:8      | Noticed an alligator
  8662 | D:8      | Noticed a wolf spider
  8664 | D:8      | Noticed an alligator
  8690 | D:8      | Noticed Grum
  8714 | D:8      | Killed Grum
  8896 | D:8      | Reached ** piety under Cheibriados
  9125 | D:8      | Learned a level 2 spell: Repel Missiles
  9457 | D:8      | Noticed a two-headed ogre
  9501 | D:8      | Noticed a two-headed ogre
  9527 | D:8      | Killed a two-headed ogre
  9527 | D:8      | Reached skill level 1 in Fighting
  9633 | D:8      | Noticed Maurice
  9668 | D:8      | Reached skill level 5 in Stealth
  9775 | D:8      | Killed Maurice
  9775 | D:8      | Reached *** piety under Cheibriados
 10866 | D:9      | Found a staircase to the Lair.
 11058 | D:9      | Found a sparkling altar of Nemelex Xobeh.
 11063 | D:9      | Reached **** piety under Cheibriados
 11108 | D:9      | Noticed a deep elf mage
 11116 | D:9      | Killed a deep elf mage
 11116 | D:9      | Reached XP level 11. HP: 81/90 MP: 23/23
 11625 | D:10     | Entered Level 10 of the Dungeon
 12233 | D:10     | Noticed a two-headed ogre
 12247 | D:10     | Killed a two-headed ogre
 12326 | D:10     | Reached skill level 5 in Fighting
 12575 | D:10     | Noticed a cyclops
 12862 | D:10     | Killed a cyclops
 12862 | D:10     | Reached skill level 11 in Conjurations
 13172 | D:11     | Noticed a green ugly thing
 13195 | D:11     | Killed a green ugly thing
 13210 | D:11     | Slain by a gargoyle

Vault maps used:
D:1:      dpeg_arrival_concentric_ovals
D:2:      uniq_iyjb, uniq_natasha, uniq_jessica
D:4:      first_bread, enter_ossuary_3, uniq_grinder, uniq_robin
D:5:      serial_shops, nicolae_shop_waterfront, minivault_4, tso_altar
D:6:      eino_tiny_chamber
D:7:      serial_shops, nicolae_shop_statue_plus, the_bakery,
          okawaru_metal_pillars_1_2
D:8:      grunt_ashenzari_visionary, uniq_grum, uniq_maurice
D:9:      minmay_statue_hallways, grunt_lair_entry_orc_guard_hut,
          nemelex_xobeh_ov_fountains_minmay
D:11:     st_stairs_13, nrook_loot_triangle, uniq_fannar, uniq_erolcha
Temple:   nicolae_temple_the_god_donut

Skill      XL: |  1  2  3  4  5  6  7  8  9 10 11 |
---------------+----------------------------------+-----
Conjurations   | 2 3 4 5 7 10 11 | 11.2
Summonings     | 2 3 4 |  4.0
Air Magic      | 1 2 |  2.0
Spellcasting   | 4 5 6 7 8 |  8.2
Poison Magic   | 2 4 |  4.0
Fighting       | 3 5 |  5.0
Dodging        | 3 4 |  4.8
Stealth        | 8 |  8.0
Translocations | |  1.0

Action                   |  1- 3 |  4- 6 |  7- 9 | 10-12 || total
-------------------------+-------+-------+-------+-------++-------
Melee: Unarmed           |    52 |       |       |       ||    52
       Staff             |       |     4 |    27 |    20 ||    51
 Cast: Magic Dart        |    63 |   166 |   340 |   502 ||  1071
       Call Imp          |     5 |    29 |   108 |    85 ||   227
       Mephitic Cloud    |       |       |    19 |    49 ||    68
       Blink             |       |       |     1 |     2 ||     3
       Repel Missiles    |       |       |       |     2 ||     2
Invok: Bend Time         |       |       |       |     2 ||     2
       Temporal Distorti |       |       |       |     1 ||     1
 Abil: Spit Poison       |       |     1 |     2 |     6 ||     9
  Use: Potion            |     1 |     1 |       |     2 ||     4
       Scroll            |     5 |     4 |    10 |     1 ||    20
  Eat: Chunk             |       |     7 |    11 |     8 ||    26
       Fruit             |       |       |       |     2 ||     2
Armor: Robe              |    25 |    23 |    52 |   104 ||   204
Dodge: Dodged            |    48 |    37 |    92 |   224 ||   401
       Deflected         |       |       |       |     4 ||     4
